 Dungeon Crawl Stone Soup version 0.25.1-2-g60ff931df9 (webtiles) character file.

Game seed: 15202984994877040075

26 raphialitos the Vexing (level 2, -1/16 HPs)
             Began as a Deep Elf Arcane Marksman on Oct 20, 2020.
             Slain by a worm (7 damage)
             ... on level 2 of the Dungeon.
             The game lasted 00:03:44 (1893 turns).

raphialitos the Vexing (Deep Elf Arcane Marksman)   Turns: 1893, Time: 00:03:44

Health: -1/16      AC:  3    Str:  7    XL:     2   Next: 89%
Magic:  4/7        EV: 13    Int: 17    God:
Gold:   152        SH:  0    Dex: 21    Spells: 2/5 levels left

rFire    . . .     SeeInvis .   c - +0 short sword
rCold    . . .     Gourm    .   (no shield)
rNeg     . . .     Faith    .   e - +0 robe
rPois    .         Spirit   .   (no helmet)
rElec    .         Reflect  .   (no cloak)
rCorr    .         Harm     .   (no gloves)
MR       .....                  b - +0 pair of boots
Stlth    ++........             (no amulet)
HPRegen  0.05/turn              h - +6 ring of dexterity
MPRegen  0.10/turn              (no ring)

@: no status effects
A: no striking features
a: no special abilities


You were on level 2 of the Dungeon.
You were not hungry.

You visited 1 branch of the dungeon, and saw 2 of its levels.

You collected 152 gold pieces.

Inventory:

Hand Weapons
 a - a +0 shortbow
 c - a +0 short sword (weapon)
Missiles
 d - 31 arrows
 k - 4 curare-tipped darts (quivered)
Armour
 b - a +0 pair of boots (worn)
 e - a +0 robe (worn)
Jewellery
 h - a +6 ring of dexterity (left hand)
Potions
 g - 2 potions of curing {unknown}
 i - a potion of might {unknown}
 j - 3 potions of resistance {unknown}
 l - a potion of mutation {unknown}
Comestibles
 f - 7 rations
 m - a chunk of flesh


   Skills:
 + Level 0.9 Fighting
 + Level 2.7 Bows
 + Level 2.6 Dodging
 + Level 2.0 Spellcasting
 + Level 4.7 Hexes


You had 2 spell levels left.
You knew the following spells:

 Your Spells              Type           Power        Failure   Level  Hunger
a - Corona                Hex            ###....      2%          1    #......
b - Slow                  Hex            ###.....     4%          2    ###....

Your spell library contained the following spells:

 Spells                   Type           Power        Failure   Level  Hunger
 Inner Flame              Hex/Fire       #.......     22%         3    ###....
 Portal Projectile        Hex/Tloc       #.....       22%         3    ###....
 Cause Fear               Hex            ###.......   28%         4    #####..
 Leda's Liquefaction      Hex/Erth       #.........   58%         4    #####..


Dungeon Overview and Level Annotations

Branches:
Dungeon (2/15)

Altars:


Message History

You barely miss the worm.
The worm is almost dead.
The hobgoblin barely misses you.
You hit the worm but do no damage.
The worm is almost dead.
The hobgoblin hits you but does no damage.
The worm barely misses you.
Casting: Corona (safe; 2% risk of failure)
Confirm with . or Enter, or press ? or * to list all spells.
Aiming: Corona (safe; 2% risk of failure)
Press: ? - help, Shift-Dir - straight line, f/p - worm
Aim: a worm (severely wounded, chance to defeat MR: 63%)
The worm is outlined in light.
The hobgoblin hits you. The worm bites you.
You barely miss the worm.
The worm is severely wounded.
The hobgoblin barely misses you. x2
You hit the worm.
The worm is almost dead.
The worm bites you!
You die...

....................#.#.<....#.#
.#####.......########.#.####.#.#
.# #........# #.#......#.#
.####........########.#####..#.#
.............#......#.. #.#
############.#......### #.# #
#.#........ #.# # #.#.....# #
#.#..@g(#### # # #...รท.w......
.. # #............ ##
#######......#((... ###.
.............#.(... #...
########.....# ..(( #... ##....#
... ###... #....# ..( #.....
#....# #.####


You could see a worm (corona) and a hobgoblin.

Vanquished Creatures
  A dart slug (D:1)
  4 goblins
  3 hobgoblins
  A ball python (D:1)
  2 bats (D:2)
  2 frilled lizards (D:2)
  5 kobolds
  7 rats
25 creatures vanquished.

Notes
Turn   | Place    | Note
-------+----------+-------------------------------------------
     0 | D:1      | raphialitos the Deep Elf Arcane Marksman began the quest
                  | for the Orb.
     0 | D:1      | Reached XP level 1. HP: 11/11 MP: 5/5
   392 | D:1      | Reached XP level 2. HP: 16/16 MP: 6/6
   917 | D:1      | Learned a level 2 spell: Slow
  1893 | D:2      | Slain by a worm

Illustrated notes

Levels and vault maps discovered:
D:1:      eino_arrival_water_cross, layout_basic
D:2:      layout_basic

Skill      XL: |  1  2 |
---------------+-------+-----
Spellcasting   | 2 |  2.0
Fighting       | |  0.9
Bows           | |  2.7
Dodging        | |  2.6
Hexes          | |  4.7

Action                   || total
-------------------------++-------
Melee: Short sword       ||    18
 Fire: Shortbow          ||    50
 Cast: Corona            ||    27
       Slow              ||    10
  Use: Scroll            ||     1
  Eat: Chunk             ||     4
Armor: Robe              ||     6
Dodge: Dodged            ||    20
